 Dungeon Crawl Stone Soup version 0.21-a0-369-g397cdb2 (webtiles) character file.

6506 theanonym the Fighter (level 11, -1/72 HPs)
             Began as a Gargoyle Berserker on Oct 15, 2017.
             Was a High Priest of Trog.
             Slain by a two-headed ogre
             ... wielding a +0 giant spiked club
              (4 damage)
             ... on level 9 of the Dungeon.
             The game lasted 00:18:52 (8978 turns).

theanonym the Fighter (Gargoyle Berserker)          Turns: 8978, Time: 00:18:53

Health: -1/72      AC: 24    Str: 30    XL:     11   Next: 0%
Magic:  11/11      EV: 10    Int:  8    God:    Trog [*****.]
Gold:   349        SH: 12    Dex:  9    Spells: 10/10 levels left

rFire    . . .     SeeInvis .   o - +10 hand axe "Pigut" {freeze, Str+4}
rCold    . . .     Gourm    .   a - +0 shield
rNeg     + . .     Faith    .   G - +1 plate armour
rPois    ∞         Spirit   .   (no helmet)
rElec    +         Reflect  .   (no cloak)
rCorr    .         Harm     .   D - +0 pair of gloves
MR       .....                  (no boots)
Stlth    ..........             (no amulet)
HPRegen  0.22/turn              n - +2 ring of strength
MPRegen  0.12/turn              u - +3 ring of evasion

@: marked, berserk cooldown, slowed, very slow
A: negative energy resistance 1, electricity resistance, unbreathing,
petrification resistance, rot immunity, AC +8
a: Berserk, Trog's Hand, Brothers in Arms, Burn Spellbooks, Renounce Religion


You were on level 9 of the Dungeon.
You worshipped Trog.
Trog was extremely pleased with you.
You were very hungry.

You visited 1 branch of the dungeon, and saw 10 of its levels.

You collected 349 gold pieces.

Inventory:

Hand Weapons
 o - the +10 hand axe "Pigut" (weapon) {freeze, Str+4}
   (You found it on level 4 of the Dungeon)

   It has been specially enchanted to freeze those struck by it, causing extra
   injury to most foes and up to half again as much damage against particularly
   susceptible opponents.
   It can also slow down cold-blooded creatures.
   It affects your strength (+4).
Missiles
 f - 2 tomahawks (quivered)
Armour
 a - a +0 shield (worn)
   (You found it on level 4 of the Dungeon)
 A - a +1 ring mail of cold resistance
   (You found it on level 6 of the Dungeon)
 D - a +0 pair of gloves (worn)
   (You found it on level 7 of the Dungeon)
 G - a +1 plate armour (worn)
   (You took it off an orc warrior on level 7 of the Dungeon)
 N - a +0 chain mail
   (You found it on level 8 of the Dungeon)
Jewellery
 n - a +2 ring of strength (left hand)
   (You found it on level 2 of the Dungeon)
 u - a +3 ring of evasion (right hand)
   (You found it on level 4 of the Dungeon)
 y - an uncursed ring of see invisible
   (You found it on level 5 of the Dungeon)
Wands
 d - a wand of confusion (31/48)
   (You found it on level 7 of the Dungeon)
 q - a wand of digging (9/24)
   (You found it on level 3 of the Dungeon)
 x - a wand of acid (8/15)
   (You found it on level 6 of the Dungeon)
 J - a wand of acid (8/15)
   (You found it on level 8 of the Dungeon)
 L - a wand of disintegration (18/24)
   (You found it on level 8 of the Dungeon)
 O - a wand of lightning (7/15)
   (You found it on level 9 of the Dungeon)
 P - a wand of confusion (41/48)
   (You found it on level 9 of the Dungeon)
Scrolls
 b - 6 scrolls of teleportation
 e - 4 scrolls of remove curse
 i - a scroll of enchant weapon
 r - a scroll of identify
 t - 2 scrolls of fear {unknown}
 v - a scroll of amnesia
 H - a scroll of random uselessness {unknown}
 I - a scroll of fog {unknown}
 K - 2 scrolls of magic mapping {unknown}
 R - a scroll of vulnerability {unknown}
Potions
 g - a potion of agility
 k - 6 potions of curing
 l - 5 potions of heal wounds
 p - 2 potions of haste {unknown}
 s - 2 potions of might {unknown}
 w - 3 potions of berserk rage {unknown}
 z - 2 potions of cancellation {unknown}
 M - a potion of mutation {unknown}
Comestibles
 c - 5 bread rations
 h - 3 fruits
 m - 2 meat rations
 B - 2 royal jellies


   Skills:
 + Level 9.7 Fighting
 + Level 8.2 Axes
 + Level 9.4 Armour
 - Level 1.5 Dodging
 + Level 8.3 Shields


You had 10 spell levels left.
You didn't know any spells.

Dungeon Overview and Level Annotations

Branches:
Dungeon (10/15)            Temple (0/1) D:7
   Lair: D:8-11         Orc: D:9-12

Altars:
Elyvilon
Gozag
Hepliaklqana
Kikubaaqudgha
Makhleb
Nemelex Xobeh
Qazlal
Sif Muna
Trog
Uskayaw
Xom
Zin
The Shining One


Innate Abilities, Weirdness & Mutations

You are resistant to torment.
Your stone body is resilient. (AC +8)
You are immune to poison.
You resist negative energy. (rN+)
You are resistant to electric shocks. (rElec)
You can survive without breathing.
You are immune to petrification.
You are immune to rotting.


Message History

An orc comes into view.
There is a stone staircase leading up here.
You slice the bullfrog!! You freeze the bullfrog.
You kill the bullfrog!
Trog accepts your kill.
You closely miss the water moccasin. You hit the orc. You freeze the orc.
You barely miss the hound. You block the water moccasin's attack.
The orc hits you but does no damage. The hound bites you.
You closely miss the hound. You slash the orc! You freeze the orc.
You kill the orc!
Trog accepts your kill.
You slash the water moccasin! You freeze the water moccasin.
The water moccasin bites you but does no damage.
The hound bites you but does no damage.
A hound and a centaur come into view.
You slash the howler monkey! You freeze the howler monkey.
You slash the water moccasin!
The water moccasin seems to slow down.
You freeze the water moccasin.
You kill the water moccasin!
Trog accepts your kill.
You hit the hound. You freeze the hound. You block the howler monkey's attack.
The hound bites you but does no damage.
You barely miss the howler monkey. You closely miss the hound.
The death knight's dark mirror aura disappears.
You block the howler monkey's attack. The hound bites you but does no damage.
An ice beast comes into view.
You slash the howler monkey! You freeze the howler monkey.
You kill the howler monkey!
Trog accepts your kill.
You slash the hound! You freeze the hound.
You kill the hound!
Trog accepts your kill.
You barely miss the orc. You block the orc's attack.
A death knight comes into view. It is wielding an enchanted glaive.
You slash the orc! You freeze the orc.
You kill the orc!
Trog accepts your kill.
You hit the death knight. You freeze the death knight. You slash the ice beast!
You hit the hound. You freeze the hound. The hound closely misses you.
You block the ice beast's attack.
A black bear comes into view.
You barely miss the death knight.
Your plate armour prevents you from hitting the hound.
You slash the ice beast!
You feel the power of Trog in you as your rage grows.
You kill the ice beast!
Trog accepts your kill.
You have reached level 11!
You block the death knight's attack.
The death knight offers itself to Yredelemnul, and fills with unholy energy.
The hound bites you but does no damage.
An orc and a crimson imp come into view.
You regained 8 hp, and now have 103/108 hp.
MP restored: 11 You closely miss the death knight.
You hit the two-headed ogre. You freeze the two-headed ogre.
Your plate armour prevents you from hitting the hound.
The black bear moves out of view.
You block the hound's attack.
You hit the death knight but do no damage.
You slash the hound! You freeze the hound.
You kill the hound!
Trog accepts your kill.
You slash the ice beast! You slash the two-headed ogre!
You freeze the two-headed ogre.
The death knight hits you with a battleaxe of electrocution!!
The two-headed ogre hits you with a giant spiked club!
The two-headed ogre hits you with a giant club.
The ice beast hits you but does no damage.
A black bear and a howler monkey come into view.
You take 40 damage, and have 63/108 hp.
MASSIVE DAMAGE!!
The howler monkey hoots and howls with incredible vigour!
You climb upwards.
You feel a strong urge to attack something.
There is a stone staircase leading down here.
You are no longer berserk.
You are exhausted.
You feel yourself slow down. The ice beast closely misses you.
The two-headed ogre hits you but does no damage.
The two-headed ogre closely misses you.
You now have 43/72 hp.
The two-headed ogre hits you with a giant spiked club!
* * * LOW HITPOINT WARNING * * *
You block the two-headed ogre's attack.
The death knight hits you with a battleaxe of electrocution!
* * * LOW HITPOINT WARNING * * *
You take 26 damage, and have 17/72 hp.
MASSIVE DAMAGE!!
The ice beast hits you.
* * * LOW HITPOINT WARNING * * *
The ice beast freezes you!
* * * LOW HITPOINT WARNING * * *
You take 15 damage, and have 2/72 hp.
MASSIVE DAMAGE!!
As you read the scroll labeled CAETRU SAGA, it crumbles to dust.
It is a scroll of amnesia.
You feel forgetful for a moment. You block the two-headed ogre's attack.
The two-headed ogre hits you with a giant club.
You die...

##### ######### #...#
(....!..####.>.###
#######.##....pO.########
###.##.....Y@.......# #######
#............######.# #......
####.....##...### #.###.#####
##........##...# #.....#
#>...........### ###########
#..##.....##.# ###.........
#..##.....##.# #.....######
.^......####.#########.###.######
#..########.........#..# #......#


You could see a death knight, a two-headed ogre and an ice beast.

Vanquished Creatures
  A two-headed ogre (D:8)
  An unseen horror (D:10)
  Pikel (D:4)
  Prince Ribbit (D:6)
  A hippogriff (D:8)
  Sigmund (D:5)
  A hungry ghost (D:3)
  A water moccasin (D:10)
  4 slaves (D:4)
  An orc warrior (D:7)
  A sky beast (D:6)
  4 phantoms
  A necrophage (D:4)
  4 ice beasts
  6 ogres
  2 black bears (D:6)
  2 centaurs
  Blork the orc (D:6)
  A big kobold (D:10)
  3 bullfrogs
  10 killer bees
  3 scorpions
  3 wights (D:7)
  2 howler monkeys
  5 crimson imps
  A bullfrog zombie (D:7)
  A centaur zombie (D:5)
  6 hounds
  4 orc priests
  3 orc wizards
  3 bullfrog skeletons
  7 worker ants
  2 iguanas
  A killer bee zombie (D:6)
  A hound zombie (D:5)
  2 hound skeletons
  11 adders
  A gnoll (D:1)
  A shadow imp (D:5)
  2 adder zombies
  2 oozes
  4 worms
  A dart slug (D:1)
  8 leopard geckos
  17 orcs
  6 bats
  6 giant cockroaches
  12 goblins
  19 hobgoblins
  10 jackals
  10 quokkas
  6 frilled lizards
  5 kobolds
  A leopard gecko skeleton (D:5)
  6 rats
220 creatures vanquished.

Notes
Turn   | Place    | Note
-------+----------+-------------------------------------------
     0 | D:1      | theanonym the Gargoyle Berserker began the quest for the Orb.
     0 | D:1      | Reached XP level 1. HP: 14/14 MP: 1/1
    34 | D:1      | HP: 2/21 [gnoll/whip (2)]
    35 | D:1      | Reached XP level 2. HP: 3/19 MP: 2/2
   435 | D:1      | Reached skill level 3 in Axes
   856 | D:1      | Reached XP level 3. HP: 24/24 MP: 3/3
  1095 | D:1      | Reached skill level 3 in Armour
  1488 | D:2      | Reached skill level 4 in Fighting
  1547 | D:2      | Found a stormy altar of Qazlal.
  1570 | D:2      | Reached ** piety under Trog
  1652 | D:2      | Reached XP level 4. HP: 28/29 MP: 4/4
  2349 | D:3      | Reached XP level 5. HP: 34/34 MP: 5/5
  2410 | D:3      | Found a hazy altar of Hepliaklqana.
  2420 | D:3      | Found an opulent altar of Gozag.
  2711 | D:3      | Found a glowing silver altar of Zin.
  2863 | D:3      | Reached *** piety under Trog
  3115 | D:3      | You fall through a shaft!
  3129 | D:4      | Got an ebony hand axe
  3130 | D:4      | Identified the +10 hand axe "Pigut" {freeze, Str+4} (You found it on level 4 of the Dungeon)
  3139 | D:4      | Noticed a necrophage
  3150 | D:4      | Killed a necrophage
  3150 | D:4      | Reached skill level 4 in Axes
  3150 | D:4      | Reached skill level 4 in Armour
  3150 | D:4      | Reached XP level 6. HP: 40/40 MP: 6/6
  3169 | D:4      | Noticed a hungry ghost
  3197 | D:4      | Reached skill level 5 in Fighting
  3197 | D:4      | Reached skill level 1 in Shields
  3243 | D:3      | Killed a hungry ghost
  3243 | D:3      | Reached XP level 7. HP: 18/44 MP: 7/7
  3527 | D:4      | Found an ancient bone altar of Kikubaaqudgha.
  3532 | D:4      | Reached skill level 5 in Armour
  3532 | D:4      | Reached skill level 2 in Shields
  3904 | D:4      | Noticed Pikel
  3922 | D:4      | Killed Pikel
  3922 | D:4      | Reached skill level 6 in Fighting
  3922 | D:4      | Reached skill level 5 in Axes
  3922 | D:4      | Reached skill level 3 in Shields
  3922 | D:4      | Reached XP level 8. HP: 52/52 MP: 8/8
  3987 | D:4      | Reached skill level 6 in Armour
  4285 | D:4      | Reached skill level 4 in Shields
  4429 | D:5      | Entered Level 5 of the Dungeon
  4797 | D:5      | Reached skill level 7 in Fighting
  4873 | D:5      | Noticed Sigmund
  4879 | D:5      | Killed Sigmund
  4879 | D:5      | Reached skill level 6 in Axes
  4879 | D:5      | Reached skill level 5 in Shields
  4879 | D:5      | Reached XP level 9. HP: 57/57 MP: 9/9
  5688 | D:6      | Reached skill level 7 in Armour
  5892 | D:6      | Noticed Prince Ribbit
  5898 | D:6      | Killed Prince Ribbit
  5925 | D:6      | Found a bloodstained altar of Trog.
  5988 | D:6      | Reached skill level 6 in Shields
  6009 | D:6      | Reached skill level 8 in Fighting
  6065 | D:6      | Reached **** piety under Trog
  6203 | D:6      | Noticed Blork the orc
  6210 | D:6      | Killed Blork the orc
  6261 | D:6      | Found a burning altar of Makhleb.
  6552 | D:6      | Found a glowing golden altar of the Shining One.
  6596 | D:7      | Found a sparkling altar of Nemelex Xobeh.
  6624 | D:7      | Reached skill level 8 in Armour
  6624 | D:7      | Reached skill level 7 in Axes
  6635 | D:7      | Reached XP level 10. HP: 62/65 MP: 10/10
  6840 | D:7      | Reached skill level 7 in Shields
  6991 | D:7      | Found a staircase to the Ecumenical Temple.
  7015 | D:7      | Found a bloodstained altar of Trog.
  7394 | D:8      | Reached skill level 9 in Fighting
  7663 | D:8      | Reached ***** piety under Trog
  7668 | D:8      | Noticed a two-headed ogre
  7677 | D:8      | Killed a two-headed ogre
  7677 | D:8      | Reached skill level 9 in Armour
  8860 | D:9      | Found a hide-covered altar of Uskayaw.
  8860 | D:9      | Found a shimmering altar of Xom.
  8865 | D:9      | Found a white marble altar of Elyvilon.
  8867 | D:9      | Found a faded altar of an unknown god.
  8868 | D:9      | Found a deep blue altar of Sif Muna.
  8937 | D:10     | Entered Level 10 of the Dungeon
  8954 | D:10     | Noticed a death knight
  8959 | D:10     | Killed an unseen horror
  8959 | D:10     | Reached skill level 8 in Axes
  8959 | D:10     | Reached skill level 8 in Shields
  8962 | D:10     | Noticed a two-headed ogre
  8968 | D:10     | Noticed a death knight
  8970 | D:10     | Reached XP level 11. HP: 72/72 MP: 11/11
  8977 | D:9      | HP: 2/72 [ice beast (13)]
  8978 | D:9      | Slain by a two-headed ogre

Vault maps used:
D:1:      dpeg_arrival_radiant
D:2:      marbit_many_paths, first_bread
D:3:      nicolae_gozag_seed_capital, lemuel_crystal_altar,
          nicolae_overflow_crystal_walls
D:4:      old_standard_altar, feat_on_display, uniq_pikel
D:5:      uniq_sigmund
D:6:      lemuel_coloured_pillars_altar, nicolae_tso_swordbearing_angel,
          trog_ov_bears_minmay, uniq_prince_ribbit1, uniq_blork_the_orc
D:7:      nemelex_xobeh_ov_fountains_minmay, temple_statues, trog_hazing_becter
D:9:      chequers_temple_overflow_minitemple
D:10:     grunt_lair_entry_orc_guard_hut, hangedman_pestilent_swarm,
          minmay_ruined_shrine

Skill      XL: |  1  2  3  4  5  6  7  8  9 10 |
---------------+-------------------------------+-----
Axes           | 3 4 5 6 7 8 |  8.2
Armour         | 3 4 5 6 8 9 |  9.4
Fighting       | 4 5 6 7 8 9 |  9.7
Shields        | 1 3 5 6 8 |  8.3
Dodging        | |  1.5

Action                   |  1- 3 |  4- 6 |  7- 9 | 10-12 || total
-------------------------+-------+-------+-------+-------++-------
Melee: Hand axe          |   111 |   120 |   235 |   118 ||   584
Invok: Berserk           |     3 |     4 |     8 |     2 ||    17
       Trog's Hand       |       |     2 |     5 |       ||     7
  Use: Scroll            |       |     1 |     2 |     7 ||    10
  Eat: Chunk             |     5 |     8 |    16 |     4 ||    33
       Meat ration       |       |     1 |     1 |     1 ||     3
Armor: Animal skin       |    22 |       |       |       ||    22
       Leather armour    |    19 |    47 |    28 |       ||    94
       Ring mail         |       |       |     8 |    34 ||    42
       Scale mail        |       |       |    38 |       ||    38
       Plate armour      |       |       |       |    21 ||    21
Dodge: Dodged            |    78 |    68 |    88 |    65 ||   299
Block: Shield            |       |     6 |    93 |    79 ||   178

Table legend:
 A = Spawn XP
 B = Non-spawn XP
 C = Spawn XP percentage of total XP
 D = Spawn monster count
 E = Non-spawn monster count
 F = Spawn count percentage of total count
 G = Total turns spent on level
                    A         B        C        D         E        F      G
               +---------+---------+-------+---------+---------+-------+---------
         Total |       0 |    9295 |   0.0 |       0 |     216 |   0.0 |  8978
               +---------+---------+-------+---------+---------+-------+---------
           D:1 |       0 |      65 |   0.0 |       0 |      28 |   0.0 |  1469
           D:2 |       0 |      99 |   0.0 |       0 |      22 |   0.0 |   876
           D:3 |       0 |     237 |   0.0 |       0 |      24 |   0.0 |  1011
           D:4 |       0 |    1313 |   0.0 |       0 |      21 |   0.0 |  1073
           D:5 |       0 |     798 |   0.0 |       0 |      35 |   0.0 |  1218
           D:6 |       0 |    1814 |   0.0 |       0 |      22 |   0.0 |   948
           D:7 |       0 |    1256 |   0.0 |       0 |      29 |   0.0 |   682
           D:8 |       0 |    2282 |   0.0 |       0 |      21 |   0.0 |  1119
           D:9 |       0 |      75 |   0.0 |       0 |       2 |   0.0 |   545
          D:10 |       0 |    1356 |   0.0 |       0 |      12 |   0.0 |    37
               +---------+---------+-------+---------+---------+-------+---------
